AoeStats
← 我是來種田的

Arabia

505013064Analyzed
4v4 RM · 24d ago on Sep 7, 2026· 37m 42s· 8 players
Game mode
Random Map
Map size
Large (8 player)
Population
200
Speed
Normal
Resources
Standard
Victory
Conquest
Starting age
Dark Age
Ending age
Imperial Age
RankedLock teamsTeams togetherTeam positionsShared explorationLock speedFull tech treeHidden civsTurbo modeCheats
Victory
Defeat
🇭🇰 Sicilians · Hong Kong SAR China
974
+16
🇭🇰 Wei · Hong Kong SAR China
973
+16
🇭🇰 Jurchens · Hong Kong SAR China
947
+17
🇭🇰 Khmer · Hong Kong SAR China
915
+20
🇺🇸 Portuguese · United States
1017
-19
🇺🇸 Byzantines · United States
980
-17
🇺🇸 Teutons · United States
964
-17
🇵🇱 Mongols · Poland
956
-16
Disconnected
7:56 Loom
9:46 Feudal Age
8:53 Loom
14:00 Castle Age
13:20 Double-Bit Axe
19:54 Scale Mail Armor
20:32 Gambesons
24:38 Squires
26:11 Squires
25:59 Arson
我是來種田的
11:01 Feudal Age
17:13 Castle Age
17:09 Double-Bit Axe
17:22 Horse Collar
20:01 Bow Saw
21:35 Bloodlines
23:08 Heavy Plow
24:06 Loom
25:33 Husbandry
26:25 Wheelbarrow
27:13 Scale Barding Armor
27:25 Forging
27:20 Town Watch
28:10 Scale Mail Armor
28:27 Gold Mining
30:59 Murder Holes
31:26 Ballistics
32:28 Chain Barding Armor
31:55 Light Cavalry
33:05 Hand Cart
34:50 Iron Casting
35:03 Town Patrol
EDGGG
1:25 Loom
12:55 Feudal Age
17:45 Castle Age
16:31 Double-Bit Axe
17:30 Forging
24:42 Gold Mining
26:20 Wheelbarrow
26:10 Bow Saw
27:44 Hand Cart
29:17 Town Watch
33:17 Gold Shaft Mining
33:00 Scale Mail Armor
38:31 Iron Casting
38:11 Chain Mail Armor
37:57 Stone Mining
37:51 Horse Collar
38:12 Fletching
Garyyyyyyyyyyyyyyyy
7:26 Loom
11:53 Feudal Age
14:01 Bloodlines
17:18 Castle Age
15:50 Double-Bit Axe
16:39 Horse Collar
25:05 Husbandry
26:51 Wheelbarrow
26:41 Gold Mining
27:11 Bow Saw
27:52 Heavy Plow
28:17 Scale Barding Armor
28:49 Town Watch
30:11 Hand Cart
30:28 Forging
30:22 Treadmill Crane
33:29 Chain Barding Armor
33:44 Iron Casting
34:29 Gold Shaft Mining
33:48 Stone Mining
34:11 Masonry
34:46 Tuntian
35:26 Stone Shaft Mining
35:24 Town Patrol
38:17 Imperial Age
37:54 Ballistics
Peacemaker2000
12:46 Feudal Age
13:29 Double-Bit Axe
13:27 Horse Collar
18:17 Man-at-Arms
19:42 Arson
23:11 Scale Mail Armor
23:21 Forging
26:02 Castle Age
26:21 Long Swordsman
26:46 Gambesons
27:02 Squires
27:15 Pikeman
28:40 Chain Mail Armor
dajaegbu
7:22 Loom
12:09 Feudal Age
14:28 Wheelbarrow
15:11 Horse Collar
18:25 Castle Age
Taytay1
9:37 Feudal Age
10:06 Horse Collar
15:54 Castle Age
14:15 Double-Bit Axe
18:04 Bow Saw
20:14 Wheelbarrow
26:41 Man-at-Arms
27:10 Gambesons
_fizyk
8:53 Feudal Age
9:37 Double-Bit Axe
10:18 Horse Collar
14:08 Loom
16:46 Castle Age
15:31 Gold Mining
16:01 Stone Mining
20:53 Fletching
Connection lost

Rejoining the realm…

Still unreachable

The connection could not be restored.

Session expired

The server has moved on; the page needs a fresh start.